 Dungeon Crawl Stone Soup version 0.22.0-27-ga576289601 (webtiles) character file.

12133 Lerbatov the Basher (level 11, -1/108 HPs)
             Began as a Gargoyle Berserker on Aug 23, 2018.
             Was a High Priest of Trog.
             Slain by an orc knight
             ... wielding a +0 battleaxe
              (7 damage)
             ... on level 1 of the Orcish Mines.
             The game lasted 00:56:26 (8300 turns).

Lerbatov the Basher (Gargoyle Berserker)            Turns: 8300, Time: 00:56:27

Health: -1/108     AC: 21    Str: 28    XL:     11   Next: 88%
Magic:  0/11       EV: 12    Int:  7    God:    Trog [*****.]
Gold:   595        SH:  0    Dex: 11    Spells: 10/10 levels left

rFire    + + +     SeeInvis .   G - +0 flail (holy)
rCold    + . .     Gourm    .   (no shield)
rNeg     + . .     Faith    .   R - +3 scale mail
rPois    ∞         Spirit   +   (no helmet)
rElec    +         Reflect  .   I - scarf {rC+ rF+}
rCorr    .         Harm     .   k - +1 pair of gloves
MR       .....                  (no boots)
Stlth    ..........             h - amulet of guardian spirit
HPRegen  0.28/turn              j - ring of protection from fire
MPRegen  0.12/turn              x - ring of protection from fire

@: berserking, starving, very quick
A: negative energy resistance 1, electricity resistance, unbreathing,
petrification resistance, rot immunity, AC +8
a: Berserk, Trog's Hand, Brothers in Arms, Renounce Religion


You were on level 1 of the Orcish Mines.
You worshipped Trog.
Trog was extremely pleased with you.
You were starving.

You visited 2 branches of the dungeon, and saw 11 of its levels.

You collected 595 gold pieces.

Inventory:

Hand Weapons
 a - a cursed +4 long sword
 b - a cursed +3 scimitar of freezing
 e - a +0 quarterstaff of freezing
 l - a +1 whip of freezing
 m - a +2 mace of draining
 p - a cursed -3 whip
 q - a cursed -1 dagger
 v - the cursed +0 dagger of Checkmate {pain, rC+ Int+3, unknown}
   (You found it on level 4 of the Dungeon)

   In the hands of one skilled in necromantic magic, it inflicts extra damage on
   living creatures.
   It affects your intelligence (+3).
   It protects you from cold.
   It has a curse placed upon it.
 E - a +0 dagger of venom
 F - a +2 short sword of speed
 G - a +0 flail of holy wrath (weapon)
 M - a +3 quarterstaff of chaos
 X - a +1 dagger of chaos
 Z - a +1 dagger of venom
Missiles
 D - 5 exploding tomahawks (quivered)
Armour
 k - a +1 pair of gloves (worn)
 o - a +2 robe
 B - a +2 robe of cold resistance
 I - a scarf of resistance (worn)
 Q - the +2 leather armour of Moral Flaws {rF+ Int+2}
   (You found it on level 7 of the Dungeon)

   It affects your intelligence (+2).
   It protects you from fire.
 R - a +3 scale mail (worn)
Magical Staves
 A - an uncursed staff of fire {unknown}
Jewellery
 h - an amulet of guardian spirit (around neck)
 j - a ring of protection from fire (left hand)
 x - a ring of protection from fire (right hand)
 J - an uncursed amulet of faith
 P - an uncursed ring of ice
Wands
 y - a wand of enslavement (13)
 H - a wand of disintegration (16)
 K - a wand of digging (8)
 L - a wand of flame (46)
 O - a wand of random effects (30)
 V - a wand of polymorph (21)
Scrolls
 d - 3 scrolls of identify
 f - 4 scrolls of teleportation {unknown}
 g - 6 scrolls of amnesia {unknown}
 i - 4 scrolls of fear {unknown}
 n - a scroll of brand weapon {unknown}
 r - 3 scrolls of enchant weapon {unknown}
 t - a scroll of magic mapping {unknown}
 C - a scroll of noise {unknown}
 N - a scroll of immolation {unknown}
 S - 4 scrolls of remove curse {unknown}
 T - 2 scrolls of enchant armour {unknown}
 W - a scroll of blinking {unknown}
Potions
 s - 2 potions of curing {unknown}
 u - 3 potions of might {unknown}
 w - a potion of degeneration {unknown}
 z - a potion of cancellation
 U - a potion of berserk rage {unknown}
 Y - a potion of lignification {unknown}
Comestibles
 c - 8 rations


   Skills:
 + Level 9.7 Fighting
 + Level 12.8 Maces & Flails
   Level 3.8 Polearms
 + Level 0.1 Throwing
 + Level 8.9 Armour
 + Level 5.0 Dodging
 + Level 0.8 Stealth
 + Level 0.2 Evocations


You had 10 spell levels left.
You didn't know any spells.
Your spell library contained the following spells:

 Spells                   Type           Power        Failure   Level  Hunger
 Magic Dart               Conj           #...         65%         1    ##.....
 Blink                    Tloc           N/A          80%         2    ###....
 Call Imp                 Summ           #.......     80%         2    ###....
 Slow                     Hex            #.......     80%         2    ###....
 Conjure Flame            Conj/Fire      #.......     95%         3    ####...
 Mephitic Cloud           Conj/Pois/Air  #.......     95%         3    ####...


Dungeon Overview and Level Annotations

Branches:
Dungeon (10/15)            Temple (0/1) D:6             Orc (1/2) D:10
   Lair: D:8-11

Altars:
Ashenzari
Cheibriados
Gozag
Makhleb
Nemelex Xobeh
Uskayaw
Vehumet
Yredelemnul
The Shining One

Portals:
Ossuary: D:7


Innate Abilities, Weirdness & Mutations

You are resistant to torment.
Your stone body is resilient. (AC +8)
You are immune to poison.
You resist negative energy. (rN+)
You are resistant to electric shocks. (rElec)
You can survive without breathing.
You are immune to petrification.
You are immune to rotting.


Message History

The orc knight is lightly wounded.
The orc warrior hits you but does no damage.
The orc knight hits you with a battleaxe!
You sock the orc knight!
The orc knight is moderately wounded.
The orc warrior barely misses you.
You thump the orc knight!
The orc knight is heavily wounded.
The orc warrior no longer looks unusually strong.
The orc priest no longer looks unusually strong.
The orc warrior hits you with a long sword!!
* * * LOW HITPOINT WARNING * * *
The orc knight barely misses you.
You hear a shout!
A red film seems to cover your vision as you go berserk!
You feel yourself moving faster!
You feel mighty!
You are starving!
The orc warrior hits you but does no damage. x2
The orc knight hits you with a battleaxe!
You die...

...$o..#.$..........
......)((...........
...#o..(...#........
##.#o............
###o............
#$..#...#....<#
####.....###.####
##o#.....## ##
#@oo...### ##o#o###
#####


You could see an orc knight, 3 orc warriors and an orc priest.

Vanquished Creatures
  Josephine (D:10)
  Fannar (Orc:1)
  Harold (D:7)
  An unseen horror (D:10)
  Pikel (D:4)
  An ugly thing (D:10)
  A centaur zombie (D:10)
  Psyche (D:9)
  A komodo dragon (D:10)
  A hornet (D:9)
  Grinder (D:6)
  A hippogriff (D:8)
  A wyvern (D:8)
  5 wraiths (D:10)
  6 yaks (D:8)
  2 hungry ghosts
  2 vampire mosquitoes (D:10)
  Edmund (D:6)
  A water moccasin (D:10)
  3 sky beasts
  An orc warrior (D:10)
  3 eyes of draining (D:10)
  An ice beast (D:5)
  4 ogres
  4 phantoms
  5 centaurs
  A big kobold (D:9)
  5 bullfrogs
  A wyvern skeleton (D:8)
  4 scorpions
  11 killer bees (D:10)
  5 wights
  6 crimson imps
  A jelly (D:5)
  2 centaur skeletons
  3 orc priests
  3 hounds
  10 orc wizards
  2 bullfrog skeletons
  Crazy Yiuf (D:6)
  An iguana (D:5)
  4 worker ants
  2 hound skeletons
  A howler monkey zombie (D:5)
  5 worker ant zombies
  2 howler monkey skeletons
  2 adders
  4 shadow imps
  An adder skeleton (D:9)
  A dart slug (D:1)
  4 leopard geckos
  43 orcs
  3 giant cockroaches
  4 goblins (D:2)
  3 hobgoblins
  19 jackals
  13 kobolds
  3 quokkas
  5 bats
  4 frilled lizards
  A leopard gecko zombie (D:6)
  6 rats
237 creatures vanquished.

Vanquished Creatures (collateral kills)
  A sky beast (D:10)
  An orc warrior (D:10)
  An orc wizard (D:10)
  An iguana (D:10)
4 creatures vanquished.

Vanquished Creatures (others)
  A bullfrog skeleton (D:4)
1 creature vanquished.

Grand Total: 242 creatures vanquished

Notes
Turn   | Place    | Note
-------+----------+-------------------------------------------
     0 | D:1      | Lerbatov the Gargoyle Berserker began the quest for the Orb.
     0 | D:1      | Reached XP level 1. HP: 14/14 MP: 1/1
   391 | D:1      | Reached XP level 2. HP: 17/19 MP: 2/2
   929 | D:2      | Reached XP level 3. HP: 22/24 MP: 3/3
   952 | D:2      | Found a glowing golden altar of the Shining One.
  1033 | D:2      | Reached ** piety under Trog
  1054 | D:2      | Found a basalt altar of Yredelemnul.
  1231 | D:2      | Found a shattered altar of Ashenzari.
  1279 | D:2      | Found a radiant altar of Vehumet.
  1279 | D:2      | Found a burning altar of Makhleb.
  1547 | D:3      | Reached XP level 4. HP: 29/29 MP: 4/4
  1693 | D:3      | You fall through a shaft!
  1833 | D:4      | Reached XP level 5. HP: 29/33 MP: 5/5
  1887 | D:4      | Reached skill level 1 in Maces & Flails
  2026 | D:4      | Reached skill level 2 in Maces & Flails
  2026 | D:4      | Reached XP level 6. HP: 30/39 MP: 3/6
  2193 | D:4      | Noticed a slave
  2193 | D:4      | Noticed a slave
  2193 | D:4      | Noticed a slave
  2193 | D:4      | Noticed a slave
  2194 | D:4      | Noticed Pikel
  2230 | D:4      | Killed Pikel
  2230 | D:4      | Reached skill level 5 in Fighting
  2230 | D:4      | Reached skill level 4 in Maces & Flails
  2230 | D:4      | Reached skill level 5 in Armour
  2230 | D:4      | Reached XP level 7. HP: 10/44 MP: 1/7
  2690 | D:4      | Got a smoking dagger
  2775 | D:5      | Entered Level 5 of the Dungeon
  2824 | D:5      | Reached XP level 8. HP: 40/49 MP: 6/8
  2901 | D:5      | Reached skill level 5 in Maces & Flails
  2902 | D:5      | Found a snail-covered altar of Cheibriados.
  3089 | D:5      | Reached *** piety under Trog
  3443 | D:6      | Reached skill level 6 in Maces & Flails
  3475 | D:6      | Found an opulent altar of Gozag.
  3488 | D:6      | Noticed Edmund
  3511 | D:6      | Killed Edmund
  3555 | D:6      | Found a staircase to the Ecumenical Temple.
  3580 | D:6      | Reached skill level 7 in Maces & Flails
  3580 | D:6      | Reached XP level 9. HP: 53/55 MP: 7/9
  3922 | D:6      | Found a runed door.
  3926 | D:6      | Noticed Crazy Yiuf
  3931 | D:6      | Killed Crazy Yiuf
  4023 | D:6      | Noticed Grinder
  4029 | D:6      | Killed Grinder
  4419 | D:7      | Got a blackened leather armour
  4420 | D:7      | Identified the +2 leather armour of Moral Flaws {rF+ Int+2} (You found it on level 7 of the Dungeon)
  4451 | D:7      | Reached skill level 8 in Maces & Flails
  4451 | D:7      | Noticed Harold
  4472 | D:7      | Killed Harold
  4472 | D:7      | Reached skill level 9 in Maces & Flails
  4838 | D:7      | Reached **** piety under Trog
  4859 | D:7      | Found a sparkling altar of Nemelex Xobeh.
  4860 | D:7      | Found a sand-covered staircase.
  4890 | D:7      | Reached XP level 10. HP: 63/63 MP: 10/10
  4969 | D:8      | Found a hide-covered altar of Uskayaw.
  5076 | D:8      | Reached skill level 10 in Maces & Flails
  6217 | D:9      | Noticed Psyche
  6224 | D:9      | Killed Psyche
  6224 | D:9      | Reached skill level 11 in Maces & Flails
  6447 | D:9      | Reached ***** piety under Trog
  6740 | D:10     | Entered Level 10 of the Dungeon
  6781 | D:10     | Reached XP level 11. HP: 41/69 MP: 4/11
  6820 | D:10     | Found a staircase to the Orcish Mines.
  7061 | D:10     | Killed an unseen horror
  7137 | D:10     | Reached skill level 12 in Maces & Flails
  7702 | D:10     | Noticed a white ugly thing
  7717 | D:10     | Killed a white ugly thing
  7745 | D:10     | Noticed Josephine
  7780 | D:10     | Killed Josephine
  8219 | Orc:1    | Entered Level 1 of the Orcish Mines
  8227 | Orc:1    | Noticed Fannar
  8254 | Orc:1    | Killed Fannar
  8254 | Orc:1    | Reached skill level 5 in Dodging
  8275 | Orc:1    | Noticed an orc knight
  8300 | Orc:1    | Slain by an orc knight

Skill      XL: |  1  2  3  4  5  6  7  8  9 10 11 |
---------------+----------------------------------+-----
Polearms       | 3 |  3.8
Dodging        | 2 3 5 |  5.0
Fighting       | 4 5 6 7 8 9 |  9.7
Armour         | 3 4 5 6 7 8 |  8.9
Maces & Flails | 2 4 7 9 11 12 | 12.8
Throwing       | |  0.1
Stealth        | |  0.8
Evocations     | |  0.2

Action                   |  1- 3 |  4- 6 |  7- 9 | 10-12 || total
-------------------------+-------+-------+-------+-------++-------
Melee: Spear             |   124 |       |       |       ||   124
       Mace              |    16 |   116 |   170 |       ||   302
       Flail             |       |       |   138 |   670 ||   808
Throw: Tomahawk          |       |       |       |     3 ||     3
Invok: Berserk           |       |     1 |     1 |     1 ||     3
       Brothers in Arms  |       |       |       |     1 ||     1
Evoke: Wand              |       |       |       |     2 ||     2
  Use: Scroll            |     3 |       |     5 |       ||     8
       Potion            |       |     2 |       |     1 ||     3
  Eat: Chunk             |     1 |       |       |       ||     1
       Ration            |       |     1 |     5 |     5 ||    11
Armor: Animal skin       |    10 |       |       |       ||    10
       Ring mail         |    55 |       |       |       ||    55
       Plate armour      |    13 |   172 |   146 |       ||   331
       Scale mail        |       |       |    28 |   451 ||   479
       Leather armour    |       |       |     7 |       ||     7
Dodge: Dodged            |   102 |    98 |   138 |   397 ||   735
